 Dungeon Crawl Stone Soup version 0.25-a0-161-gb7fd73da8f (webtiles) character file.

Game seed: 9484735291058816104, levelgen mode: deterministic

590 Leeroy the Carver (level 7, -4/55 HPs)
             Began as a White Draconian Skald on Nov 21, 2019.
             Killed from afar by an orc wizard (11 damage)
             ... with a magic dart
             ... on level 5 of the Dungeon.
             The game lasted 00:06:27 (3946 turns).

Leeroy the Carver (White Draconian Skald)           Turns: 3946, Time: 00:06:28

Health: -4/55      AC:  6    Str: 14    XL:     7   Next: 16%
Magic:  5/10       EV: 18    Int: 14    God:
Gold:   215        SH:  0    Dex: 16    Spells: 4/10 levels left

rFire    . . .     SeeInvis .   a - +0 falchion
rCold    + . .     Gourm    .   (no shield)
rNeg     . . .     Faith    .   (armour unavailable)
rPois    .         Spirit   .   (helmet restricted)
rElec    .         Reflect  .   (no cloak)
rCorr    .         Harm     .   (no gloves)
MR       .....                  (no boots)
Stlth    ++........             (no amulet)
HPRegen  0.18/turn              (no ring)
MPRegen  0.12/turn              (no ring)

@: agile
A: breathe frost, unfitting armour, cold resistance 1, cold-blooded, AC +6
a: Breathe Frost


You were on level 5 of the Dungeon.
You were hungry.

You visited 1 branch of the dungeon, and saw 5 of its levels.

You collected 215 gold pieces.

Inventory:

Hand Weapons
 a - a +0 falchion (weapon)
 B - a +3 trident
Missiles
 m - 2 boomerangs (quivered)
 w - 7 poisoned darts
 y - 4 curare-tipped darts
Jewellery
 i - an uncursed ring of ice
 r - a +2 ring of protection {unknown}
 x - an uncursed ring of stealth {unknown}
Wands
 j - a wand of random effects (18)
 t - a wand of iceblast (7)
Scrolls
 b - 2 scrolls of immolation {unknown}
 d - a scroll of random uselessness {unknown}
 e - a scroll of amnesia {unknown}
 f - 4 scrolls of remove curse {unknown}
 h - 3 scrolls of blinking {unknown}
 p - 4 scrolls of identify {unknown}
 q - 2 scrolls of fog {unknown}
 s - 2 scrolls of fear {unknown}
 v - a scroll of teleportation {unknown}
Potions
 g - a potion of cancellation {unknown}
 k - a potion of curing {unknown}
 l - 2 potions of mutation {unknown}
 n - a potion of might {unknown}
 o - a potion of brilliance {unknown}
 u - a potion of agility
 z - a potion of ambrosia {unknown}
Comestibles
 c - 6 rations


   Skills:
 - Level 2.1 Fighting
 + Level 8.0 Long Blades
 - Level 2.1 Dodging
 - Level 2.0 Spellcasting
 - Level 2.6 Charms


You had 4 spell levels left.
You knew the following spells:

 Your Spells              Type           Power        Failure   Level  Hunger
a - Infusion              Chrm           #...         8%          1    ##.....
b - Shroud of Golubria    Chrm/Tloc      #.....       21%         2    ###....
c - Spectral Weapon       Hex/Chrm       #.......     38%         3    ####...

Your spell library contained the following spells:

 Spells                   Type           Power        Failure   Level  Hunger
 Song of Slaying          Chrm           #.......     12%         2    ###....
 Regeneration             Chrm/Necr      #.........   38%         3    ####...


Dungeon Overview and Level Annotations

Branches:
Dungeon (5/15)
 Temple: D:4-7

Altars:
Cheibriados
Makhleb


Innate Abilities, Weirdness & Mutations

You can breathe waves of freezing cold.
You can buffet flying creatures when you breathe cold.
Your icy white scales are hard. (AC +6)
You cannot fit into any form of body armour.
Your flesh is cold resistant. (rC+)
You are cold-blooded and may be slowed by cold attacks.


Message History

The orc wizard blinks!
The orc priest barely misses you.
You hit the orc priest.
The orc priest is severely wounded.
Your shroud unravels.
Your spectral weapon barely misses the orc priest.
The orc priest begins to cast a cantrip, but forgets the words!
You hit the orc priest but do no damage.
The orc priest is severely wounded.
Your spectral weapon hits the orc priest but does no damage.
The orc wizard closely misses you. The orc priest misses you.
You riposte.
You hit the orc priest. You tail-slap the orc priest.
You kill the orc priest!
Your Long Blades skill increases to level 8!
The orc wizard barely misses you.
You hit the orc wizard but do no damage.
Your tail-slap misses the orc wizard.
Your spectral weapon barely misses the orc wizard.
The orc wizard points at you and mumbles some strange words.
The magic dart hits you!
You die...

#.....# #.
#.....# #.
+.....# #.
#.....# #.
########+#.....#
#.
#..............#
#.
#..............#
#.
#......).......#
#.
#....)@(.......#
#.
#../..o...$...!#
#.
#..............#
#.
#..............#
#.
##+#######.....#
#. #.....#
.....# .ยง...#


You could see an orc wizard and a friendly spectral +0 falchion.

Vanquished Creatures
  An ogre (D:5)
  Blork the orc (D:5)
  3 hounds (D:4)
  3 orc priests
  A jelly (D:3)
  A bullfrog skeleton (D:4)
  An orc wizard (D:4)
  A worker ant (D:4)
  A hound skeleton (D:4)
  5 adders
  3 oozes
  3 worms
  A dart slug (D:3)
  A leopard gecko (D:2)
  12 orcs
  3 giant cockroaches
  8 hobgoblins
  4 jackals (D:3)
  2 ball pythons
  7 bats
  4 frilled lizards
  3 goblins
  6 kobolds
  10 rats
85 creatures vanquished.

Notes
Turn   | Place    | Note
-------+----------+-------------------------------------------
     0 | D:1      | Leeroy the Draconian Skald began the quest for the Orb.
     0 | D:1      | Reached XP level 1. HP: 17/17 MP: 3/3
   175 | D:1      | Reached XP level 2. HP: 4/24 MP: 5/5
   244 | D:1      | Learned a level 2 spell: Shroud of Golubria
   381 | D:1      | Reached skill level 3 in Long Blades
   729 | D:2      | Reached XP level 3. HP: 26/29 MP: 6/6
   734 | D:2      | Learned a level 3 spell: Spectral Weapon
   886 | D:2      | Reached skill level 4 in Long Blades
  1156 | D:2      | Found a snail-covered altar of Cheibriados.
  1207 | D:3      | Reached XP level 4. HP: 36/36 MP: 3/7
  1800 | D:3      | Reached skill level 5 in Long Blades
  2372 | D:3      | Reached XP level 5. HP: 30/41 MP: 8/8
  2909 | D:4      | Reached skill level 6 in Long Blades
  2932 | D:4      | Reached XP level 6. HP: 32/48 MP: 9/9
  3125 | D:4      | Found a burning altar of Makhleb.
  3505 | D:5      | Entered Level 5 of the Dungeon
  3514 | D:5      | Reached skill level 7 in Long Blades
  3583 | D:5      | Noticed Blork the orc
  3940 | D:5      | Killed Blork the orc
  3940 | D:5      | Your scales start taking on an icy white colour.
  3940 | D:5      | Reached XP level 7. HP: 6/55 MP: 5/10
  3940 | D:5      | Gained mutation: Your flesh is cold resistant. (rC+) [White
                  | Draconian growth]
  3945 | D:5      | Reached skill level 8 in Long Blades
  3946 | D:5      | Killed from afar by an orc wizard

Levels and vault maps discovered:
D:1:      dpeg_arrival_shelter, layout_basic
D:2:      layout_rooms, lemuel_coloured_pillars_altar, minivault_27,
          minmay_pentomino_z2
D:3:      layout_basic
D:4:      layout_basic, makhleb_blood_cavern_becter
D:5:      layout_gridville, hellmonk_ghost_happy_afterlife, first_ration,
          portal_sewer_entry_e, grunt_decor_arrowhead, uniq_blork_the_orc,
          uniq_duvessa, uniq_menkaure

Skill      XL: |  1  2  3  4  5  6  7 |
---------------+----------------------+-----
Long Blades    | 3 4 5 6 7 8 |  8.0
Fighting       | |  2.1
Dodging        | |  2.1
Spellcasting   | |  2.0
Charms         | |  2.6

Action                   |  1- 3 |  4- 6 |  7- 9 || total
-------------------------+-------+-------+-------++-------
Melee: Falchion          |    92 |   243 |     5 ||   340
       Tailslap          |     7 |    42 |     1 ||    50
 Cast: Infusion          |     1 |     1 |       ||     2
       Shroud of Golubri |       |     3 |       ||     3
       Spectral Weapon   |       |     2 |       ||     2
  Use: Potion            |       |       |     1 ||     1
 Stab: Sleeping          |     1 |     1 |       ||     2
  Eat: Chunk             |       |    10 |       ||    10
Armor: Skin              |    31 |    72 |       ||   103
Dodge: Dodged            |    77 |   175 |     6 ||   258
       Rpst.: Falchion   |    21 |    65 |     1 ||    87

Table legend:
 A = Non-vault XP
 B = Vault XP
 C = Vault XP percentage of total XP
 D = Non-vault monster count
 E = Vault monster count
 F = Vault count percentage of total count
                 A         B        C        D         E       F
            +---------+---------+-------+---------+---------+-------
      Total |     708 |     136 |  16.1 |      81 |       4 |   4.7
            +---------+---------+-------+---------+---------+-------
        D:1 |      28 |       0 |   0.0 |      15 |       0 |   0.0
        D:2 |      56 |       3 |   5.1 |      16 |       2 |  11.1
        D:3 |     146 |       0 |   0.0 |      25 |       0 |   0.0
        D:4 |     304 |      42 |  12.1 |      21 |       1 |   4.5
        D:5 |     174 |      91 |  34.3 |       4 |       1 |  20.0
            +---------+---------+-------+---------+---------+-------
